 Dungeon Sprint DCSS version 0.23-a0-80-gc95c2c7 (webtiles) character file.

18524 Kidiri the Eclecticist (level 12, -3/73 HPs)
             Began as a Deep Elf Fire Elementalist on Aug 12, 2018.
             Was the Champion of Vehumet.
             Slain by an anaconda (15 damage)
             ... in the Dungeon (Sprint III: "The Ten Rune Challenge").
             The game lasted 00:23:36 (4535 turns).

Kidiri the Eclecticist (Deep Elf Fire Elementalist) Turns: 4535, Time: 00:23:37

Health: -3/73      AC:  5    Str:  5    XL:     12   Next: 28%
Magic:  31/36      EV: 18    Int: 26    God:    Vehumet [******]
Gold:   88         SH:  0    Dex: 15    Spells: 3/48 levels left

rFire    . . .     SeeInvis .   r - +0 dagger
rCold    . . .     Gourm    .   (no shield)
rNeg     + . .     Faith    .   H - +1 leather armour {rN+}
rPois    .         Spirit   .   (no helmet)
rElec    .         Reflect  .   (no cloak)
rCorr    .         Harm     .   (no gloves)
MR       +....     NoTele   +   (no boots)
Stlth    ++........             (no amulet)
HPRegen  0.22/turn              (no ring)
MPRegen  0.25/turn              (no ring)

@: no status effects
A: no striking features
a: Renounce Religion


You were in the Dungeon.
You worshipped Vehumet.
Vehumet was exalted by your worship.
You were not hungry.

You visited 1 branch You collected 88 gold pieces.

Inventory:

Hand Weapons
 r - a +0 dagger (weapon)
Armour
 H - a +1 leather armour of positive energy (worn)
Wands
 k - a wand of random effects (35)
 v - a wand of acid (9)
 x - a wand of disintegration (13)
Scrolls
 j - a scroll of immolation
 m - 5 scrolls of remove curse
Potions
 b - a potion of might
 e - 3 potions of mutation {unknown}
 g - a potion of magic
 h - a potion of berserk rage
 n - a potion of degeneration {unknown}
 o - 5 potions of flight
 q - a potion of invisibility {unknown}
 s - a potion of heal wounds
 t - a potion of resistance {unknown}
 u - a potion of lignification {unknown}
Comestibles
 a - 7 chunks of flesh
 c - 15 rations


   Skills:
 + Level 7.8 Fighting
 + Level 9.4 Short Blades
 + Level 8.0 Armour
 + Level 11.3 Dodging
 - Level 2.4 Stealth
 * Level 18.5 Spellcasting
 + Level 11.8 Conjurations
 + Level 12.2 Fire Magic
 + Level 4.0 Ice Magic
 + Level 9.4 Air Magic
 + Level 8.0 Earth Magic
 + Level 10.2 Poison Magic


You had 3 spell levels left.
You knew the following spells:

 Your Spells              Type           Power        Failure   Level  Hunger
a - Flame Tongue          Conj/Fire      #####        0%          1    None
b - Throw Flame           Conj/Fire      ######       1%          2    None
c - Conjure Flame         Conj/Fire      ######..     1%          3    None
d - Inner Flame           Hex/Fire       ######..     1%          3    None
e - Sticky Flame          Conj/Fire      ######..     1%          4    None
f - Fireball              Conj/Fire      ######....   1%          5    None
g - Bolt of Fire          Conj/Fire      ######....   1%          6    ###....
h - Throw Frost           Conj/Ice       ######       1%          2    None
i - Freezing Cloud        Conj/Ice/Air   ######....   4%          6    ###....
j - Stone Arrow           Conj/Erth      ######       1%          3    None
k - Mephitic Cloud        Conj/Pois/Air  ######..     1%          3    None
l - Orb of Destruction    Conj           ######....   5%          7    #####..

Your spell library contained the following spells:

 Spells                   Type           Power        Failure   Level  Hunger
 Magic Dart               Conj           ####         0%          1    None
 Slow                     Hex            ###.....     4%          2    None
 Blink                    Tloc           N/A          4%          2    None
 Call Imp                 Summ           ###.....     4%          2    None


Dungeon Overview and Level Annotations

Branches:
Dungeon (1/1)

Altars:
Cheibriados
Dithmenos
Elyvilon
Fedhas
Gozag
Hepliaklqana
Kikubaaqudgha
Makhleb
Nemelex Xobeh
Okawaru
Qazlal
Ru
Sif Muna
Trog
Uskayaw
Vehumet
Wu Jian
Xom
Yredelemnul
Zin
The Shining One
Beogh
Jiyva
Lugonu

Annotations:
D exclusion: 7 doors


Message History

The anaconda bites you but does no damage.
Unknown command.
You escape the anaconda's grasp.
The anaconda burns!
The anaconda grabs you. The anaconda completely misses you.
* * * LOW HITPOINT WARNING * * *
The anaconda constricts you. The anaconda closely misses you.
* * * LOW HITPOINT WARNING * * *
The anaconda constricts you.
The anaconda bites you but does no damage.
You escape the anaconda's grasp.
The anaconda burns!
Unknown command.
You feel much better.
The anaconda burns!
The anaconda closely misses you. The anaconda bites you!
* * * LOW HITPOINT WARNING * * *
The anaconda closely misses you. The anaconda bites you.
* * * LOW HITPOINT WARNING * * *
The anaconda completely misses you.
The anaconda bites you but does no damage.
The anaconda misses you. The anaconda bites you!
You die...

#≈≈§§§≈.≈≈≈'.....#.≈♣♣♣♣♣
#≈≈≈≈§≈≈≈≈♣♣♣♣♣♣♣#..♣♣
#≈≈≈§≈≈≈≈.♣ ###+♣♣♣♣
▓##+####'#######♣
♣♣♣♣.##..
▓...............♣♣
♣...##.##
▓#+#############'♣
♣♣.##.##. #≈P...÷†.....♣
♣..#.##.
.J+≈≈..†########♣♣
♣♣.##.##
.J#≈≈≈....@S...PP♣
♣♣.##.##
..#≈≈≈≈P...S.....♣
♣.....## ###########§####
######## #S§...S.. #
#..§..... # #########


You could see 2 anacondas.

Vanquished Creatures
  Rupert (D)
  2 hydras (D)
  Erica (D)
  A centaur warrior (D)
  4 death yaks (D)
  Urug (D)
  A death drake (D)
  An unseen horror (D)
  A spriggan druid (D)
  A lindwurm (D)
  A deep elf mage (D)
  3 black mambas (D)
  2 spiny frogs (D)
  A rime drake (D)
  A komodo dragon (D)
  A queen bee (D)
  2 tyrant leeches (D)
  3 wandering mushrooms (D)
  8 blink frogs (D)
  A shadow (D)
  3 redbacks (D)
  2 spriggans (D)
  A spatial vortex (D)
  A water moccasin (D)
  2 swamp drakes (D)
  A necrophage (D)
  A fire dragon simulacrum (D)
  2 centaurs (D)
  A black mamba simulacrum (D)
  An earth elemental (D)
  A water elemental (D)
  A scorpion (D)
  28 killer bees (D)
  An electric eel (D)
  A jelly (D)
  A wizard (D)
  Jessica (D)
  A necromancer (D)
  2 wolf simulacra (D)
  3 humans (D)
  A kobold demonologist (D)
  3 rats (D)
  4 plants (D)
100 creatures vanquished.

Vanquished Creatures (collateral kills)
  2 killer bees (D)
2 creatures vanquished.

Vanquished Creatures (others)
  2 draconian scorchers (D)
  6 hellions (D)
  3 yaktaurs (D)
  2 killer bees (D)
  A plant (D)
14 creatures vanquished.

Grand Total: 116 creatures vanquished

Notes
Turn   | Place    | Note
-------+----------+-------------------------------------------
     0 | D        | Kidiri the Deep Elf Fire Elementalist began the quest for the Orb.
     0 | D        | Reached XP level 1. HP: 10/10 MP: 6/6
    60 | D        | Noticed Jessica
    65 | D        | Killed Jessica
    65 | D        | Reached skill level 6 in Spellcasting
    65 | D        | Reached XP level 2. HP: 8/15 MP: 3/11
    69 | D        | Learned a level 2 spell: Throw Flame
    80 | D        | Killed a hellion
   108 | D        | Killed a hellion
   108 | D        | Killed a hellion
   108 | D        | Killed a hellion
   114 | D        | Killed a hellion
   123 | D        | Killed a yaktaur
   187 | D        | Killed a hellion
   190 | D        | Killed a white draconian scorcher
   193 | D        | Killed a white draconian scorcher
   200 | D        | Reached skill level 7 in Spellcasting
   200 | D        | Reached skill level 5 in Fire Magic
   200 | D        | Reached XP level 3. HP: 3/19 MP: 4/13
   205 | D        | Learned a level 3 spell: Conjure Flame
   209 | D        | Learned a level 3 spell: Inner Flame
   540 | D        | Noticed a scorpion
   545 | D        | Killed a scorpion
   545 | D        | Reached skill level 8 in Spellcasting
   545 | D        | Reached XP level 4. HP: 24/24 MP: 8/16
   552 | D        | Learned a level 4 spell: Sticky Flame
   601 | D        | Noticed a water elemental
   604 | D        | Killed a water elemental
   604 | D        | Reached skill level 9 in Spellcasting
   604 | D        | Reached skill level 5 in Conjurations
   604 | D        | Reached XP level 5. HP: 28/28 MP: 13/19
   612 | D        | Learned a level 5 spell: Fireball
   640 | D        | Found a radiant altar of Vehumet.
   641 | D        | Found a deep blue altar of Sif Muna.
   641 | D        | Found an ancient bone altar of Kikubaaqudgha.
   644 | D        | Reached skill level 10 in Spellcasting
   650 | D        | Became a worshipper of Vehumet
   673 | D        | Learned a level 3 spell: Mephitic Cloud
   701 | D        | Found a glowing silver altar of Zin.
   702 | D        | Found a glowing golden altar of the Shining One.
   702 | D        | Found a white marble altar of Elyvilon.
   702 | D        | Noticed a deep elf mage
   710 | D        | Killed a deep elf mage
   710 | D        | Reached skill level 12 in Spellcasting
   710 | D        | Reached XP level 6. HP: 27/36 MP: 10/23
   710 | D        | Reached XP level 7. HP: 30/40 MP: 10/24
   785 | D        | Found a hide-covered altar of Uskayaw.
   785 | D        | Found a roughly hewn altar of Beogh.
   785 | D        | Found an iron altar of Okawaru.
   785 | D        | Found a bloodstained altar of Trog.
   785 | D        | Found an ornate altar of the Wu Jian Council.
   785 | D        | Noticed a human
   787 | D        | Noticed a human
   792 | D        | Killed a human
   792 | D        | Reached skill level 5 in Dodging
   795 | D        | Killed a human
   795 | D        | Reached * piety under Vehumet
   795 | D        | Offered knowledge of Freeze by Vehumet.
   862 | D        | Found a basalt altar of Yredelemnul.
   862 | D        | Found a shadowy altar of Dithmenos.
   862 | D        | Found a sacrificial altar of Ru.
   870 | D        | Reached XP level 8. HP: 46/46 MP: 17/26
   954 | D        | Reached ** piety under Vehumet
   954 | D        | Reached skill level 13 in Spellcasting
   986 | D        | Found a blossoming altar of Fedhas.
   986 | D        | Found a stormy altar of Qazlal.
   987 | D        | Found a snail-covered altar of Cheibriados.
   987 | D        | Found a burning altar of Makhleb.
   987 | D        | Found a hazy altar of Hepliaklqana.
   987 | D        | Found a shimmering altar of Xom.
   987 | D        | Found an opulent altar of Gozag.
   987 | D        | Found a sparkling altar of Nemelex Xobeh.
   987 | D        | Found a corrupted altar of Lugonu.
   987 | D        | Found a viscous altar of Jiyva.
  1005 | D        | Offered knowledge of Throw Frost by Vehumet.
  1013 | D        | Learned a level 2 spell: Throw Frost
  1052 | D        | Killed a yaktaur
  1094 | D        | Noticed Erica
  1103 | D        | Killed Erica
  1103 | D        | Offered knowledge of Dazzling Spray by Vehumet.
  1103 | D        | Reached skill level 5 in Short Blades
  1103 | D        | Reached skill level 5 in Air Magic
  1103 | D        | Reached skill level 5 in Poison Magic
  1113 | D        | Learned a level 3 spell: Dazzling Spray
  1212 | D        | Reached *** piety under Vehumet
  1212 | D        | Reached skill level 14 in Spellcasting
  1212 | D        | Reached XP level 9. HP: 52/52 MP: 10/29
  1248 | D        | Noticed a centaur warrior
  1255 | D        | Killed a centaur warrior
  1255 | D        | Offered knowledge of Stone Arrow by Vehumet.
  1260 | D        | Learned a level 3 spell: Stone Arrow
  1465 | D        | Noticed an unseen horror
  1468 | D        | Killed an unseen horror
  1468 | D        | Reached **** piety under Vehumet
  1468 | D        | Reached skill level 5 in Fighting
  1468 | D        | Reached skill level 5 in Armour
  1468 | D        | Reached skill level 1 in Earth Magic
  1543 | D        | Noticed a queen bee
  1551 | D        | Offered knowledge of Bolt of Magma by Vehumet.
  1559 | D        | Reached ***** piety under Vehumet
  1559 | D        | Reached skill level 15 in Spellcasting
  1851 | D        | Offered knowledge of Bolt of Draining by Vehumet.
  1851 | D        | Reached skill level 10 in Fire Magic
  1860 | D        | Reached XP level 10. HP: 59/59 MP: 15/31
  1983 | D        | Reached ****** piety under Vehumet
  2190 | D        | Offered knowledge of Spellforged Servitor by Vehumet.
  2378 | D        | Noticed a spiny frog
  2378 | D        | Noticed a spiny frog
  2382 | D        | Killed a spiny frog
  2382 | D        | Reached skill level 10 in Conjurations
  2382 | D        | Killed a spiny frog
  2382 | D        | Reached skill level 16 in Spellcasting
  2431 | D        | Offered knowledge of Bolt of Fire by Vehumet.
  2459 | D        | Learned a level 6 spell: Bolt of Fire
  2776 | D        | Noticed a lindwurm
  2895 | D        | Reached skill level 5 in Earth Magic
  2917 | D        | Offered knowledge of Yara's Violent Unravelling by Vehumet.
  2935 | D        | Killed a lindwurm
  2935 | D        | Reached XP level 11. HP: 44/65 MP: 11/33
  3053 | D        | Noticed Urug
  3058 | D        | Killed Urug
  3209 | D        | Offered knowledge of Orb of Destruction by Vehumet.
  3218 | D        | Learned a level 7 spell: Orb of Destruction
  3224 | D        | Reached skill level 10 in Dodging
  3224 | D        | Reached skill level 17 in Spellcasting
  3560 | D        | Noticed an eight-headed hydra
  3560 | D        | Noticed a seven-headed hydra
  3565 | D        | Killed an eight-headed hydra
  3565 | D        | Killed a seven-headed hydra
  3672 | D        | Noticed a death drake
  3676 | D        | Killed a death drake
  3974 | D        | Found a blossoming altar of Fedhas.
  3974 | D        | Noticed a spriggan druid
  3978 | D        | Killed a spriggan druid
  4042 | D        | Offered knowledge of Freezing Cloud by Vehumet.
  4050 | D        | Learned a level 6 spell: Freezing Cloud
  4051 | D        | Noticed a swamp dragon
  4153 | D        | Noticed Rupert
  4180 | D        | Killed Rupert
  4312 | D        | Noticed a death yak
  4313 | D        | Noticed a death yak
  4316 | D        | Noticed a death yak
  4317 | D        | Killed a death yak
  4317 | D        | Reached skill level 18 in Spellcasting
  4317 | D        | Reached XP level 12. HP: 72/72 MP: 20/36
  4318 | D        | Killed a death yak
  4318 | D        | Noticed a death yak
  4320 | D        | Killed a death yak
  4320 | D        | Offered knowledge of Iron Shot by Vehumet.
  4320 | D        | Reached skill level 10 in Poison Magic
  4322 | D        | Killed a death yak
  4478 | D        | Noticed an azure jelly
  4478 | D        | Noticed an azure jelly
  4526 | D        | Noticed an anaconda
  4527 | D        | Noticed an anaconda
  4533 | D        | HP: 1/73 [anaconda (3)]
  4535 | D        | Slain by an anaconda

Vault maps used:
D:        dungeon_sprint_mu

Skill      XL: |  1  2  3  4  5  6  7  8  9 10 11 12 |
---------------+-------------------------------------+-----
Spellcasting   | 6 7 8 9 12 14 15 16 18 | 18.5
Conjurations   | 3 4 5 7 8 9 10 11 | 11.8
Fire Magic     | 4 5 6 8 9 10 11 12 | 12.2
Fighting       | 2 3 4 5 6 7 |  7.8
Short Blades   | 3 4 5 6 7 9 |  9.4
Armour         | 2 3 4 5 6 7 8 |  8.0
Dodging        | 4 5 6 8 9 11 | 11.3
Air Magic      | 3 4 5 6 7 9 |  9.4
Poison Magic   | 3 4 5 7 8 9 10 | 10.2
Earth Magic    | 2 5 7 8 |  8.0
Ice Magic      | 2 4 |  4.0
Stealth        | |  2.4

Action                   |  1- 3 |  4- 6 |  7- 9 | 10-12 || total
-------------------------+-------+-------+-------+-------++-------
Melee: Dagger            |       |       |     2 |     9 ||    11
 Cast: Flame Tongue      |    18 |     3 |    44 |    70 ||   135
       Conjure Flame     |       |     1 |     3 |     7 ||    11
       Sticky Flame      |       |     3 |     6 |    13 ||    22
       Mephitic Cloud    |       |     1 |     3 |     2 ||     6
       Inner Flame       |       |       |     8 |     5 ||    13
       Dazzling Spray    |       |       |    18 |     3 ||    21
       Fireball          |       |       |     3 |     7 ||    10
       Stone Arrow       |       |       |     3 |     5 ||     8
       Bolt of Fire      |       |       |       |    30 ||    30
       Throw Flame       |       |       |       |     3 ||     3
       Throw Frost       |       |       |       |     1 ||     1
       Orb of Destructio |       |       |       |     3 ||     3
       Freezing Cloud    |       |       |       |     3 ||     3
  Use: Potion            |     1 |       |     2 |     3 ||     6
       Scroll            |       |       |       |     5 ||     5
 Stab: Sleeping          |       |       |       |     3 ||     3
  Eat: Chunk             |       |       |     2 |     4 ||     6
       Ration            |       |       |     1 |     2 ||     3
Armor: Robe              |       |       |     1 |       ||     1
       Leather armour    |       |       |       |     3 ||     3
Dodge: Dodged            |     4 |     5 |    10 |    41 ||    60

Table legend:
 A = Non-vault XP
 B = Vault XP
 C = Vault XP percentage of total XP
 D = Non-vault monster count
 E = Vault monster count
 F = Vault count percentage of total count
 G = Total turns spent on level
                 A         B        C        D         E       F
            +---------+---------+-------+---------+---------+-------
      Total |       0 |   26463 | 100.0 |       0 |     100 | 100.0
            +---------+---------+-------+---------+---------+-------
          D |       0 |   26463 | 100.0 |       0 |     100 | 100.0
            +---------+---------+-------+---------+---------+-------
